 Dungeon Crawl Stone Soup version 0.22-a0-558-gc224181 (webtiles) character file.

1745 emperorscorpion the Poker (level 8, -3/67 (68) HPs)
             Began as a Centaur Berserker on June 27, 2018.
             Was an Elder of Trog.
             Shot with an arrow by a centaur (12 damage)
             ... on level 7 of the Dungeon.
             The game lasted 00:11:50 (5392 turns).

emperorscorpion the Poker (Centaur Berserker)       Turns: 5392, Time: 00:11:50

HP:   -3/67 (68)    AC:  8    Str: 21    XL:     8   Next: 77%
MP:   8/8           EV:  9    Int:  6    God:    Trog [****..]
Gold: 295           SH:  0    Dex: 10    Spells: 7/7 levels left

rFire    . . .     SeeInvis .   a - +0 halberd
rCold    . . .     Gourm    .   (shield currently unavailable)
rNeg     . . .     Faith    .   n - +0 ring mail
rPois    .         Spirit   .   t - +1 helmet (curse)
rElec    .         Reflect  .   (no cloak)
rCorr    .         Harm     .   (no gloves)
MR       .....                  (no barding)
Stlth    ..........             w - amulet of rage
HPRegen  0.21/turn              (no ring)
MPRegen  0.11/turn              (no ring)

@: very quick
A: large, hooves 3, deformed body, speed 2, tough skin 3
a: Berserk, Trog's Hand, Brothers in Arms, Renounce Religion, Evoke Berserk Rage


You were on level 7 of the Dungeon.
You worshipped Trog.
Trog was greatly pleased with you.
You were not hungry.

You visited 1 branch of the dungeon, and saw 7 of its levels.

You collected 295 gold pieces.

Inventory:

Hand Weapons
 a - a +0 halberd (weapon)
 o - a +0 hunting sling of velocity
 F - a +0 spear
 I - the +3 dagger of Drought {flame, rC+++ Str-3 Int+4 Stlth+}
   (You took it off a gnoll on level 7 of the Dungeon)

   It has been specially enchanted to burn those struck by it, causing extra
   injury to most foes and up to half again as much damage against particularly
   susceptible opponents.
   It affects your strength (-3).
   It affects your intelligence (+4).
   It renders you almost immune to cold.
   It makes you more stealthy.
Missiles
 h - 117 stones
 l - 3 javelins (quivered)
 m - 16 poisoned needles
Armour
 b - a +0 animal skin
 i - a +0 shield
 n - a +0 ring mail (worn)
 t - a cursed +1 helmet (worn)
 E - the +4 robe of Augmentation {Str+4 Int+4 Dex+4}
   (You found it on level 6 of the Dungeon)

   It affects your strength (+4).
   It affects your intelligence (+4).
   It affects your dexterity (+4).
Jewellery
 w - an amulet of rage (around neck)
 G - an uncursed ring of fire
Wands
 u - a wand of disintegration (11)
 v - a wand of digging (12)
 x - a wand of random effects (31)
Scrolls
 d - a scroll of amnesia
 f - a scroll of random uselessness {unknown}
 j - a scroll of teleportation
 k - 2 scrolls of identify {unknown}
 p - 2 scrolls of enchant armour
 q - 2 scrolls of magic mapping {unknown}
 y - 2 scrolls of blinking {unknown}
 B - a scroll of enchant weapon {unknown}
Potions
 e - 3 potions of curing {unknown}
 g - 4 potions of agility {unknown}
 r - 3 potions of lignification {unknown}
 s - 2 potions of flight {unknown}
 z - 2 potions of magic {unknown}
 A - a potion of mutation {unknown}
 C - a potion of haste {unknown}
 D - a potion of brilliance {unknown}
Comestibles
 c - 11 rations
 H - 12 chunks of flesh


   Skills:
 + Level 5.2 Fighting
 + Level 6.7 Polearms
 * Level 5.5 Throwing
 + Level 3.7 Armour
 + Level 2.8 Dodging
 + Level 0.4 Stealth


You had 7 spell levels left.
You didn't know any spells.
Your spell library contained the following spells:

 Spells                   Type           Power        Failure   Level  Hunger
 Magic Dart               Conj           #...         63%         1    ##.....
 Conjure Flame            Conj/Fire      #.......     94%         3    ####...
 Slow                     Hex            #.......     77%         2    ###....
 Throw Frost              Conj/Ice       #.....       77%         2    ###....
 Mephitic Cloud           Conj/Pois/Air  #.......     94%         3    ####...
 Blink                    Tloc           N/A          77%         2    ###....
 Freeze                   Ice            #...         63%         1    ##.....
 Summon Ice Beast         Ice/Summ       #.......     100%        4    #####..
 Ozocubu's Armour         Chrm/Ice       #.......     94%         3    ####...
 Call Imp                 Summ           #.......     77%         2    ###....
 Throw Icicle             Conj/Ice       #.......     100%        4    #####..


Dungeon Overview and Level Annotations

Branches:
Dungeon (7/15)             Temple (0/1) D:5

Altars:
Fedhas
Nemelex Xobeh
Ru
Uskayaw
Xom

Shops:
D:5 (((::


Innate Abilities, Weirdness & Mutations

You have hooves in place of feet.
Armour fits poorly on your strangely shaped body.
You cover ground very quickly.
You have extremely tough skin. (AC +3)


Message History

The orc hits you but does no damage. Something hits you but does no damage.
You barely miss something. The orc hits you but does no damage.
Something hits you.
* * * LOW HITPOINT WARNING * * *
Something shocks you.
* * * LOW HITPOINT WARNING * * *
You puncture something! Trog accepts your kill.
Reactivating autopickup.
You feel a bit more experienced.
The orc hits you from afar with a trident.
* * * LOW HITPOINT WARNING * * *
The orc hits you but does no damage.
You see here a sky beast corpse.
A centaur comes into view.
The orc hits you from afar with a trident.
* * * LOW HITPOINT WARNING * * *
The centaur shouts!
The centaur wields a shortbow.
The centaur shoots an arrow.
The arrow hits you!
You die...

##################
.................#
################.#####
#### # #.....# ...# #.
#.....# ##.# #..
#†....# ....#
###...#@.o..##. ##..#
............... ...
............... ##.
......#........ .
..c#..######... # ..
#.. ... # . #. .. . #.
.#####.#


You could see a centaur and an orc.

Vanquished Creatures
  An ice beast (D:5)
  2 sky beasts
  2 ogres (D:4)
  3 necrophages
  A centaur (D:7)
  A scorpion (D:4)
  5 wights (D:6)
  2 crimson imps (D:5)
  An orc priest (D:5)
  2 bullfrog skeletons
  2 worker ants
  Natasha (twice) (D:2)
  An iguana (D:7)
  3 orc wizards
  Terence (D:3)
  A hound zombie (D:2)
  2 hound skeletons
  Robin (D:3)
  4 gnolls (D:7)
  9 adders
  2 shadow imps (D:5)
  An ooze (D:5)
  An adder zombie (D:5)
  4 worms
  3 dart slugs
  6 leopard geckos
  12 orcs
  6 giant cockroaches
  17 goblins
  13 hobgoblins
  A jackal (D:2)
  10 kobolds
  2 quokkas
  A ball python zombie (D:5)
  11 bats
  7 frilled lizards
  A leopard gecko zombie (D:6)
  5 rats
  A butterfly (D:1)
150 creatures vanquished.

Vanquished Creatures (others)
  A howler monkey (D:5)
1 creature vanquished.

Grand Total: 151 creatures vanquished

Notes
Turn   | Place    | Note
-------+----------+-------------------------------------------
     0 | D:1      | emperorscorpion the Centaur Berserker began the quest for the Orb.
     0 | D:1      | Reached XP level 1. HP: 19/19 MP: 1/1
    92 | D:1      | Reached XP level 2. HP: 26/26 MP: 2/2
   231 | D:1      | Reached skill level 1 in Throwing
   331 | D:1      | Reached ** piety under Trog
   331 | D:1      | Reached skill level 3 in Polearms
   468 | D:1      | Reached XP level 3. HP: 31/31 MP: 3/3
  1062 | D:2      | Reached XP level 4. HP: 9/39 MP: 4/4
  1123 | D:2      | Noticed Natasha
  1129 | D:2      | Killed Natasha
  1176 | D:2      | Noticed Natasha
  1183 | D:2      | Killed Natasha
  1186 | D:2      | Reached XP level 5. HP: 32/46 MP: 5/5
  1968 | D:3      | Found a sparkling altar of Nemelex Xobeh.
  2001 | D:3      | Reached *** piety under Trog
  2021 | D:3      | Noticed Robin
  2048 | D:3      | Killed Robin
  2048 | D:3      | Reached skill level 4 in Polearms
  2398 | D:3      | Noticed Terence
  2414 | D:3      | Killed Terence
  2414 | D:3      | Reached XP level 6. HP: 52/52 MP: 6/6
  2933 | D:4      | Reached XP level 7. HP: 52/59 MP: 7/7
  3243 | D:5      | Entered Level 5 of the Dungeon
  3243 | D:5      | Found a shimmering altar of Xom.
  3261 | D:5      | Reached skill level 5 in Polearms
  3273 | D:5      | Reached **** piety under Trog
  3291 | D:5      | Found Zat Uffoguith's Weapon Boutique.
  3381 | D:5      | Found Nypnutt's Antique Weapon Emporium.
  3514 | D:5      | Found a blossoming altar of Fedhas.
  3559 | D:5      | Found Umooth's Book Emporium.
  3759 | D:5      | Found a sacrificial altar of Ru.
  3779 | D:5      | Found a hide-covered altar of Uskayaw.
  3825 | D:5      | Found Cozeics's Weapon Shoppe.
  4022 | D:5      | Found a staircase to the Ecumenical Temple.
  4081 | D:5      | Reached XP level 8. HP: 65/66 MP: 8/8
  4206 | D:5      | Found Horeawn's Book Shop.
  4336 | D:6      | Found the +4 robe of Augmentation {Str+4 Int+4 Dex+4}
  4466 | D:6      | Reached skill level 6 in Polearms
  4670 | D:6      | Reached skill level 5 in Throwing
  4713 | D:6      | Reached skill level 5 in Fighting
  5255 | D:7      | Got a transparent dagger {flame}
  5256 | D:7      | Identified the +3 dagger of Drought {flame, rC+++ Str-3 Int+4 Stlth+} (You took it off a gnoll on level 7 of the Dungeon)
  5392 | D:7      | Shot with an arrow by a centaur

Vault maps used:
D:1:      ebering_trefoil_twist, minivault_4, hangedman_glass_garden
D:2:      kennysheep_generic_room_16, uniq_natasha
D:3:      nemelex_xobeh_ov_fountains_minmay, uniq_terence, uniq_robin
D:4:      first_ration
D:5:      kennysheep_little_box, nicolae_ru_sacrificial_ziggurat,
          minmay_temple_entry_fiery, serial_shops, shop, shop_statue,
          nicolae_shop_overgrown_old_shop, shop, nicolae_shop_behind_doors,
          basic_altar, xom_confusion_cloud
D:7:      marbit_many_paths

Skill      XL: |  1  2  3  4  5  6  7  8 |
---------------+-------------------------+-----
Throwing       | 1 2 3 4 5 |  5.5
Polearms       | 3 4 5 6 |  6.7
Fighting       | 4 5 |  5.2
Armour         | 2 3 |  3.7
Dodging        | 2 |  2.8
Stealth        | |  0.4

Action                   |  1- 3 |  4- 6 |  7- 9 || total
-------------------------+-------+-------+-------++-------
Melee: Spear             |   115 |   184 |   164 ||   463
       Kick              |    19 |    40 |    40 ||    99
       Halberd           |       |       |    67 ||    67
Throw: Javelin           |       |     1 |     3 ||     4
Invok: Berserk           |       |     7 |     6 ||    13
  Use: Scroll            |       |     5 |     1 ||     6
  Eat: Chunk             |       |    12 |     9 ||    21
       Ration            |       |       |     1 ||     1
Armor: Animal skin       |    15 |       |       ||    15
       Ring mail         |    20 |    51 |    61 ||   132
Dodge: Dodged            |    51 |    53 |    52 ||   156

Table legend:
 A = Spawn XP
 B = Non-spawn XP
 C = Spawn XP percentage of total XP
 D = Spawn monster count
 E = Non-spawn monster count
 F = Spawn count percentage of total count
 G = Total turns spent on level
                    A         B        C        D         E        F      G
               +---------+---------+-------+---------+---------+-------+---------
         Total |       0 |    2494 |   0.0 |       0 |     149 |   0.0 |  5392
               +---------+---------+-------+---------+---------+-------+---------
           D:1 |       0 |      53 |   0.0 |       0 |      31 |   0.0 |   849
           D:2 |       0 |     187 |   0.0 |       0 |      31 |   0.0 |   970
           D:3 |       0 |     174 |   0.0 |       0 |      33 |   0.0 |   816
           D:4 |       0 |     386 |   0.0 |       0 |       9 |   0.0 |   608
           D:5 |       0 |     687 |   0.0 |       0 |      24 |   0.0 |  1034
           D:6 |       0 |     506 |   0.0 |       0 |      12 |   0.0 |   717
           D:7 |       0 |     501 |   0.0 |       0 |       9 |   0.0 |   398
               +---------+---------+-------+---------+---------+-------+---------
